 Dungeon Crawl Stone Soup version 0.24-a0-422-g9eff3895ba (webtiles) character file.

Game seed: 16991279437601397789

1785 xccam the Chopper (level 9, -11/73 HPs)
             Began as a Gnoll Chaos Knight on June 12, 2019.
             Was a Follower of Cheibriados.
             Mangled by a tentacled starspawn (21 damage)
             ... on level 2 of the Abyss.
             The game lasted 00:16:06 (4142 turns).

xccam the Chopper (Gnoll Chaos Knight)              Turns: 4142, Time: 00:16:07

Health: -11/73     AC: 16    Str: 18    XL:     9   Next: 8%
Magic:  0/14       EV: 11    Int: 17    God:    Cheibriados [*.....]
Gold:   182        SH:  0    Dex: 18    Spells: 15/15 levels left

rFire    . . .     SeeInvis .   a - +0 war axe
rCold    . . .     Gourm    .   (no shield)
rNeg     . . .     Faith    .   u - +3 chain mail
rPois    .         Spirit   +   (helmet restricted)
rElec    .         Reflect  .   (no cloak)
rCorr    .         Harm     .   (no gloves)
MR       .....                  w - +0 pair of boots
Stlth    ..........             v - amulet of guardian spirit
HPRegen  0.22/turn              D - +4 ring of evasion
MPRegen  0.14/turn              (no ring)

@: constricted, very slow
A: distributed training, fangs 1, horns 1, molten scales 1, strong nose
a: Bend Time, Renounce Religion


You were on level 2 of the Abyss.
You worshipped Cheibriados.
Cheibriados was aware of your devotion.
You were not hungry.

You visited 2 branches of the dungeon, and saw 6 of its levels.
You visited the Abyss 1 time.
You also visited: Sewer.

You collected 182 gold pieces.

Inventory:

Hand Weapons
 a - a +0 war axe (weapon)
 b - a +0 shortbow of velocity
Missiles
 z - 58 arrows
Armour
 u - a +3 chain mail (worn)
 w - a +0 pair of boots (worn)
Magical Staves
 h - a cursed staff of death {unknown}
Jewellery
 v - an amulet of guardian spirit (around neck)
 D - a +4 ring of evasion (left hand)
Scrolls
 k - a scroll of fear
 m - 5 scrolls of fog
 n - 3 scrolls of teleportation
 p - 3 scrolls of magic mapping {unknown}
 t - a scroll of blinking {unknown}
 x - a scroll of immolation {unknown}
 A - a scroll of amnesia {unknown}
 C - a scroll of remove curse
Potions
 d - 2 potions of brilliance
 e - 2 potions of resistance {unknown}
 f - 2 potions of heal wounds
 g - 2 potions of curing
 i - a potion of invisibility {unknown}
 j - 2 potions of lignification
 l - a potion of agility
 o - a potion of berserk rage {unknown}
 q - 3 potions of haste {unknown}
 r - 2 potions of magic
 s - a potion of might
 y - 2 potions of mutation
Comestibles
 c - 8 rations


   Skills:
 + Level 7.6 Fighting
 + Level 3.8 Short Blades
 + Level 3.8 Long Blades
 + Level 7.6 Axes
 + Level 3.8 Maces & Flails
 + Level 3.8 Polearms
 + Level 3.8 Staves
 + Level 3.8 Slings
 + Level 3.8 Bows
 + Level 3.8 Crossbows
 + Level 3.8 Throwing
 + Level 6.0 Armour
 + Level 4.6 Dodging
 + Level 3.8 Stealth
 + Level 3.8 Shields
 + Level 3.8 Unarmed Combat
 + Level 3.8 Spellcasting
 + Level 3.1 Conjurations
 + Level 3.1 Hexes
 + Level 3.1 Charms
 + Level 3.1 Summonings
 + Level 3.1 Necromancy
 + Level 3.1 Translocations
 + Level 3.1 Transmutations
 + Level 3.1 Fire Magic
 + Level 3.1 Ice Magic
 + Level 3.1 Air Magic
 + Level 3.1 Earth Magic
 + Level 3.1 Poison Magic
 + Level 4.2 Invocations
 + Level 3.8 Evocations


You had 15 spell levels left.
You didn't know any spells.
Your spell library was empty.

Dungeon Overview and Level Annotations

Branches:
Dungeon (5/15)             Temple (1/1) D:5

Altars:
Cheibriados
Elyvilon
Gozag
Hepliaklqana
Makhleb
Nemelex Xobeh
Okawaru
Qazlal
Ru
Sif Muna
Trog
Uskayaw
Vehumet
Wu Jian
Xom
Yredelemnul
Zin


Innate Abilities, Weirdness & Mutations

Your experience applies equally to all skills.
You have very sharp teeth.
Your uncanny sense of smell can sniff out nearby items.
You have a pair of small horns on your head.
You are partially covered in molten scales. (AC +2)


Message History

The tentacled starspawn bites you!! The tentacled starspawn engulfs you.
The starspawn tentacle misses you. The starspawn tentacle grabs you.
The starspawn tentacle constricts you.
Your chain mail prevents you from hitting the starspawn tentacle.
The starspawn tentacle is heavily damaged.
Your chain mail prevents you from hitting the tentacled starspawn.
The starspawn tentacle loses its grip on you.
You hit the starspawn tentacle but do no damage.
The tentacled starspawn bites you but does no damage.
The tentacled starspawn closely misses you.
The starspawn tentacle grabs you. The starspawn tentacle constricts you.
You slash the starspawn tentacle!
You destroy the starspawn tentacle!
You hit the starspawn tentacle but do no damage.
You hit the tentacled starspawn. The tentacled starspawn bites you!!
* * * LOW HITPOINT WARNING * * *
The tentacled starspawn engulfs you but does no damage.
The starspawn tentacle grabs you. The starspawn tentacle constricts you.
The tentacled starspawn bites you!!
You die...

....#.....##.#
...#.#...## .
.##.#......
#.#.. ..... # #
...... ...## #
####...#... #..#
#.###......#
...##. .
#....##.#.
.#.##.##
#.#@..#... [# .
#
..#.Xw.....###..
# # #
...##.#.#.. ..
#∩... ###.#....
. #...#.
.#....#. ∆
#...## .#..# .
#.. . #.. ∆ ∆


You could see a tentacled starspawn and a starspawn tentacle.

Vanquished Creatures
  A phantom (D:4)
  An ogre (D:5)
  2 eyes of draining (D:5)
  2 centaurs
  2 bullfrogs (Sewer)
  6 killer bees (D:5)
  2 crimson imps (D:5)
  A bullfrog skeleton (D:4)
  A hound (D:4)
  3 orc priests
  Jessica (D:3)
  2 worker ants (D:4)
  An iguana (D:5)
  7 orc wizards
  A hound skeleton (D:3)
  A gnoll (D:4)
  13 adders
  3 river rats (Sewer)
  2 shadow imps (D:5)
  2 oozes (D:3)
  An adder zombie (D:5)
  7 worms
  3 dart slugs
  3 leopard geckos
  20 orcs
  13 ball pythons
  11 bats
  4 giant cockroaches
  17 goblins
  9 hobgoblins
  5 jackals (D:1)
  8 kobolds
  5 quokkas
  11 frilled lizards
  A leopard gecko skeleton (D:4)
  A quokka skeleton (D:2)
  A quokka zombie (D:5)
  31 rats
  A starspawn tentacle (Abyss:2)
206 creatures vanquished.

Notes
Turn   | Place    | Note
-------+----------+-------------------------------------------
     0 | D:1      | xccam the Gnoll Chaos Knight began the quest for the Orb.
     0 | D:1      | Reached XP level 1. HP: 23/23 MP: 1/1
     0 | D:1      | Fell from the grace of Xom
    64 | D:1      | Reached XP level 2. HP: 16/29 MP: 2/2
   221 | D:1      | XOM: give mutations
   221 | D:1      | Gained mutation: You have a pair of small horns on your
                  | head. [Xom's grace]
   221 | D:1      | Gained mutation: You are partially covered in molten
                  | scales. (AC +2) [Xom's grace]
   290 | D:1      | Reached XP level 3. HP: 35/35 MP: 3/3
   605 | D:2      | Found a sparkling altar of Nemelex Xobeh.
   610 | D:2      | Reached skill level 1 in Invocations
   652 | D:2      | Reached skill level 1 in Short Blades
   652 | D:2      | Reached skill level 1 in Long Blades
   652 | D:2      | Reached skill level 1 in Maces & Flails
   652 | D:2      | Reached skill level 1 in Polearms
   652 | D:2      | Reached skill level 1 in Staves
   652 | D:2      | Reached skill level 1 in Slings
   652 | D:2      | Reached skill level 1 in Bows
   652 | D:2      | Reached skill level 1 in Crossbows
   652 | D:2      | Reached skill level 1 in Throwing
   652 | D:2      | Reached skill level 1 in Stealth
   652 | D:2      | Reached skill level 1 in Shields
   652 | D:2      | Reached skill level 1 in Unarmed Combat
   652 | D:2      | Reached skill level 1 in Spellcasting
   652 | D:2      | Reached skill level 1 in Evocations
   744 | D:2      | Reached XP level 4. HP: 41/41 MP: 5/5
   888 | D:2      | XOM: enchant monster (bad)
  1185 | D:2      | Reached skill level 1 in Conjurations
  1185 | D:2      | Reached skill level 1 in Hexes
  1185 | D:2      | Reached skill level 1 in Charms
  1185 | D:2      | Reached skill level 1 in Summonings
  1185 | D:2      | Reached skill level 1 in Necromancy
  1185 | D:2      | Reached skill level 1 in Translocations
  1185 | D:2      | Reached skill level 1 in Transmutations
  1185 | D:2      | Reached skill level 1 in Fire Magic
  1185 | D:2      | Reached skill level 1 in Ice Magic
  1185 | D:2      | Reached skill level 1 in Air Magic
  1185 | D:2      | Reached skill level 1 in Earth Magic
  1185 | D:2      | Reached skill level 1 in Poison Magic
  1376 | D:3      | Reached XP level 5. HP: 42/47 MP: 6/6
  1529 | D:3      | Found a glowing drain.
  1570 | Sewer    | Entered a sewer
  1758 | Sewer    | Reached XP level 6. HP: 53/53 MP: 8/8
  1905 | Sewer    | Reached skill level 5 in Armour
  2107 | Sewer    | XOM: stat loss: -1 Str (15/16)
  2235 | D:3      | Reached XP level 7. HP: 53/59 MP: 10/10
  2251 | D:3      | Noticed Jessica
  2257 | D:3      | Killed Jessica
  2804 | D:4      | Found a white marble altar of Elyvilon.
  3003 | D:4      | XOM: mild Ice miscast
  3191 | D:4      | XOM: scenery: create altars
  3293 | D:4      | Reached XP level 8. HP: 67/67 MP: 12/12
  3330 | D:5      | Entered Level 5 of the Dungeon
  3345 | D:5      | Found a staircase to the Ecumenical Temple.
  3524 | Temple   | Entered the Ecumenical Temple
  3593 | Temple   | Became a worshipper of Cheibriados the Contemplative
  3721 | D:5      | Found a bloodstained altar of Trog.
  3784 | D:5      | Reached XP level 9. HP: 72/72 MP: 11/14
  3901 | D:5      | Reached * piety under Cheibriados
  4075 | D:5      | Cast into level 2 of the Abyss (Xom)
  4134 | Abyss:2  | Noticed a tentacled starspawn
  4142 | Abyss:2  | Mangled by a tentacled starspawn

Levels and vault maps discovered:
D:1:      mrwooster_arrival_arrow, layout_basic
D:2:      layout_basic, nemelex_xobeh_ov_fountains_minmay
D:3:      layout_basic, cheibrodos_sewer_entry_bend, first_ration, uniq_jessica
D:4:      layout_gridville, elyvilon_altar_5, kennysheep_opposing_triangles
D:5:      layout_loops_ring, trog_eyes_of_draining,
          minmay_temple_entry_large_hall
Temple:   eino_temple_water
Abyss:2

Skill      XL: |  1  2  3  4  5  6  7  8  9 |
---------------+----------------------------+-----
Invocations    | 1 2 3 4 |  4.2
Short Blades   | 1 2 3 |  3.8
Long Blades    | 1 2 3 |  3.8
Maces & Flails | 1 2 3 |  3.8
Polearms       | 1 2 3 |  3.8
Staves         | 1 2 3 |  3.8
Slings         | 1 2 3 |  3.8
Bows           | 1 2 3 |  3.8
Crossbows      | 1 2 3 |  3.8
Throwing       | 1 2 3 |  3.8
Stealth        | 1 2 3 |  3.8
Shields        | 1 2 3 |  3.8
Unarmed Combat | 1 2 3 |  3.8
Spellcasting   | 1 2 3 |  3.8
Evocations     | 1 2 3 |  3.8
Conjurations   | 1 2 3 |  3.1
Hexes          | 1 2 3 |  3.1
Charms         | 1 2 3 |  3.1
Summonings     | 1 2 3 |  3.1
Necromancy     | 1 2 3 |  3.1
Translocations | 1 2 3 |  3.1
Transmutations | 1 2 3 |  3.1
Fire Magic     | 1 2 3 |  3.1
Ice Magic      | 1 2 3 |  3.1
Air Magic      | 1 2 3 |  3.1
Earth Magic    | 1 2 3 |  3.1
Poison Magic   | 1 2 3 |  3.1
Dodging        | 3 4 |  4.6
Armour         | 5 6 |  6.0
Fighting       | 7 |  7.6
Axes           | 7 |  7.6

Action                   |  1- 3 |  4- 6 |  7- 9 || total
-------------------------+-------+-------+-------++-------
Melee: Hand axe          |    82 |   183 |    44 ||   309
       Bite              |    10 |    17 |    23 ||    50
       Headbutt          |     6 |    33 |    43 ||    82
       Punch             |       |     1 |     2 ||     3
       War axe           |       |       |   153 ||   153
 Fire: Shortbow          |       |       |    62 ||    62
Invok: Renounce Religion |     1 |       |       ||     1
  Use: Scroll            |       |     8 |     1 ||     9
       Potion            |       |       |     9 ||     9
 Stab: Sleeping          |     2 |     1 |     2 ||     5
       Petrifying        |       |     1 |       ||     1
       Paralysed         |       |     2 |       ||     2
  Eat: Chunk             |       |     5 |     6 ||    11
Armor: Leather armour    |    30 |       |       ||    30
       Ring mail         |       |    74 |    13 ||    87
       Chain mail        |       |       |   125 ||   125
       Skin              |       |       |    25 ||    25
Dodge: Dodged            |    46 |   131 |   126 ||   303

Table legend:
 A = Non-vault XP
 B = Vault XP
 C = Vault XP percentage of total XP
 D = Non-vault monster count
 E = Vault monster count
 F = Vault count percentage of total count
                 A         B        C        D         E       F
            +---------+---------+-------+---------+---------+-------
      Total |    1860 |     690 |  27.1 |     144 |      61 |  29.8
            +---------+---------+-------+---------+---------+-------
        D:1 |      54 |       0 |   0.0 |      28 |       0 |   0.0
        D:2 |      81 |       0 |   0.0 |      29 |       0 |   0.0
        D:3 |     290 |      57 |  16.4 |      36 |       5 |  12.2
        D:4 |     377 |      60 |  13.7 |      15 |       4 |  21.1
        D:5 |    1058 |     255 |  19.4 |      36 |       4 |  10.0
      Sewer |       0 |     318 | 100.0 |       0 |      48 | 100.0
            +---------+---------+-------+---------+---------+-------
